 Dungeon Crawl Stone Soup version 0.29.1-15-g9cfb28693d (webtiles) character file.

Game seed: 14777241092948195698

31 Mickster the Trooper (level 2, -3/26 HPs)
             Began as a Demigod Fighter on Feb 27, 2023.
             Slain by a gnoll
             ... wielding a +0 spear
              (6 damage)
             ... on level 1 of the Dungeon.
             The game lasted 00:06:28 (703 turns).

Mickster the Trooper (Demigod Fighter)               Turns: 703, Time: 00:06:28

Health: -3/26      AC:  6    Str: 17    XL:     2   Next: 90%
Magic:  4/4        EV:  9    Int: 10    God:
Gold:   48         SH:  4    Dex: 13    Spells: 1/1 levels left

rFire   . . .      SeeInvis .   a - +0 war axe
rCold   . . .      Faith    .   c - +0 buckler
rNeg    . . .      Spirit   .   b - +0 scale mail
rPois   .          Reflect  .   (no helmet)
rElec   .          Harm     .   (no cloak)
rCorr   +          Rampage  .   (no gloves)
Will    .....                   (no boots)
Stlth   ..........              (no amulet)
HPRegen 0.08/turn               f - ring of resist corrosion
MPRegen 0.09/turn               (no ring)

@: mighty
A: high MP 1, forlorn, divine attributes
a: no special abilities


You were on level 1 of the Dungeon.
You visited 1 branch of the dungeon, and saw 1 of its levels.

You collected 48 gold pieces.

Inventory:

Hand Weapons
 a - a +0 war axe (weapon)
 e - a +0 dagger
Armour
 b - a +0 scale mail (worn)
 c - a +0 buckler (worn)
Jewellery
 f - a ring of resist corrosion (left hand)


   Skills:
 + Level 3.0 Fighting
 + Level 2.3 Axes
 + Level 2.8 Armour
 + Level 0.1 Dodging
 + Level 3.0 Shields


You had one spell level left.
You didn't know any spells.
Your spell library was empty.

Dungeon Overview and Level Annotations

Branches:
Dungeon (1/15)


Innate Abilities, Weirdness & Mutations

You have an increased reservoir of magic. (+10% MP)
You shall have no god before yourself.
Your divine heritage dramatically boosts your attributes as you level up.


Message History

You kill the goblin!
You hit the fungus.
The fungus begins to die.
A nearby plant withers and dies.
The gnoll barely misses you.
Items here: ! ( ) ? †.
You hit the endoplasm.
The endoplasm is heavily wounded.
The gnoll closely misses you.
The endoplasm hits you but does no damage.
You barely miss the endoplasm.
The endoplasm is heavily wounded.
The gnoll hits you from afar with a +0 spear.
The endoplasm barely misses you. The endoplasm freezes you.
You are frozen.
The gnoll barely misses you.
You completely miss the endoplasm.
The endoplasm is heavily wounded.
You block the gnoll's attack. The endoplasm freezes you.
You are frozen.
You completely miss the endoplasm.
The endoplasm is heavily wounded.
The gnoll hits you but does no damage. The endoplasm freezes you.
You are frozen.
The gnoll hits you from afar with a +0 spear.
* * * LOW HITPOINT WARNING * * *
The endoplasm hits you but does no damage.
You slash the endoplasm!
You kill the endoplasm!
The gnoll hits you but does no damage. The gnoll barely misses you.
The gnoll hits you from afar with a +0 spear.
* * * LOW HITPOINT WARNING * * *
The gnoll closely misses you.
You see here a bat corpse.
You feel very mighty all of a sudden. The gnoll closely misses you.
You barely miss the gnoll. You slash the plant!
The plant begins to die.
The gnoll hits you with a +0 spear.
You die...

# #.## + ##.# ..#
#### ##. ... ####.#
#.# ..... #.##
##..#######..##
#.......†.....#
#...#...†g@...#.# #
###.###P###.#
#.........#.#
#.#.#.#.#P#.#########
#..P......#..........
###.###.###.#.#######
#PPPP_....#.#.#
###P###.###.#.#
#.....)...#.#.#


You could see a gnoll.

Vanquished Creatures
  A dart slug (D:1)
  A ball python (D:1)
  4 bats (D:1)
  4 endoplasms (D:1)
  2 giant cockroaches (D:1)
  3 hobgoblins (D:1)
  A quokka (D:1)
  4 goblins (D:1)
  3 kobolds (D:1)
  A rat (D:1)
24 creatures vanquished.

Vanquished Creatures (others)
  A fungus (D:1)
  3 plants (D:1)
4 creatures vanquished.

Grand Total: 28 creatures vanquished

Notes
Turn   | Place    | Note
-------+----------+-------------------------------------------
     0 | D:1      | Mickster the Demigod Fighter began the quest for the Orb.
     0 | D:1      | Reached XP level 1. HP: 18/18 MP: 3/3
   346 | D:1      | Reached XP level 2. HP: 21/25 MP: 4/4
   703 | D:1      | Slain by a gnoll

Illustrated notes

Levels and vault maps discovered:
D:1:      nicolae_arrival_washed_ashore, layout_rooms,
          shapermc_ecumenical_altar_mp_urbaneastern,
          chequers_serial_rivers_room_a, moated_statue

Skill      XL: |  1  2 |
---------------+-------+-----
Axes           | 2 |  2.3
Fighting       | 3 |  3.0
Shields        | 3 |  3.0
Armour         | |  2.8
Dodging        | |  0.1

Action                   || total
-------------------------++-------
Melee: War axe           ||    68
  Use: Scroll            ||     5
       Potion            ||     1
Armor: Scale mail        ||    38
Dodge: Dodged            ||    35
Block: Buckler           ||    15
